 Dungeon Crawl Stone Soup version 0.19-a0-1065-gdac414d (webtiles) character file.

133 HaroldButt the Firebug (level 4, -3/24 HPs)
             Began as a Deep Elf Fire Elementalist on June 23, 2016.
             Killed from afar by Tungsten's ghost (7 damage)
             ... with a puff of frost
             ... on level 3 of the Dungeon on Aug 3, 2016.
             The game lasted 00:13:14 (1897 turns).

HaroldButt the Firebug (Deep Elf Fire Elementalist) Turns: 1897, Time: 00:13:15

Health: -3/24      AC:  4    Str:  3    XL:     4   Next: 94%
Magic:  10/10      EV: 11    Int: 21    God:
Gold:   107        SH:  0    Dex: 13    Spells: 3 memorised, 3 levels left

rFire  . . .     SeeInvis .     g - +1 dagger (venom)
rCold  + . .     Gourm    .     m - +1 leather armour
rNeg   . . .     Faith    .     (no shield)
rPois  .         Spirit   .     (no helmet)
rElec  .         Dismiss  .     (no cloak)
rCorr  .         Reflect  .     (no gloves)
SustAt .         Harm     .     (no boots)
MR     .....                    (no amulet)
Stlth  ++........               r - ring of wizardry
                                e - ring of protection from cold

@:
A: clumsy 1, weak 1, MP-powered wands
a: no special abilities


You were on level 3 of the Dungeon.
You were not hungry.

You visited 1 branch of the dungeon, and saw 3 of its levels.

You collected 107 gold pieces.

Inventory:

Hand Weapons
 g - a +1 dagger of venom (weapon)
Missiles
 i - 145 stones (quivered)
 q - 15 poisoned needles
Armour
 a - a +0 robe
 m - a +1 leather armour (worn)
Jewellery
 e - a ring of protection from cold (left hand)
 r - a ring of wizardry (right hand)
Potions
 h - a potion of flight
 k - a potion of cancellation
 l - a potion of heal wounds
Books
 b - a book of Flames

   Spells                             Type                      Level
   a - Flame Tongue                   Conjuration/Fire             1
   b - Throw Flame                    Conjuration/Fire             2
   c - Conjure Flame                  Conjuration/Fire             3
   d - Inner Flame                    Hexes/Fire                   3
   e - Sticky Flame                   Conjuration/Fire             4
   f - Fireball                       Conjuration/Fire             5
Comestibles
 c - 4 bread rations
 d - 2 meat rations
 f - 7 chunks of flesh
 j - 2 royal jellies
 o - a slice of pizza


   Skills:
 - Level 2.4 Dodging
 - Level 2.4 Stealth
 - Level 3.0 Spellcasting
 + Level 3.9 Conjurations
 + Level 4.8 Fire Magic


You had 3 spell levels left.
You knew the following spells:

 Your Spells              Type           Power        Failure   Level  Hunger
a - Flame Tongue          Conj/Fire      ###..        1%          1    None
b - Throw Flame           Conj/Fire      ###...       4%          2    ##.....
c - Conjure Flame         Conj/Fire      ###.....     6%          3    ###....


Dungeon Overview and Level Annotations

Branches:
Dungeon (3/15)

Altars:
Xom

Annotations:
D:3 Tungsten's ghost, amateur HEIE


Innate Abilities, Weirdness & Mutations

You are clumsy. (Dex -2)
You are weak. (Str -2)
You expend magic power (3 MP) to strengthen your wands.


Message History

It was a potion of curing.
You feel better.
Tungsten's ghost turns its malevolent gaze towards you.
Tungsten's ghost gestures at you while chanting.
The puff of frost hits you! You resist. Tungsten's ghost casts a spell at you.
The puff of frost misses you.
You enter a teleport trap!
The teleport trap disappears.
Your surroundings suddenly seem different.
Tungsten's ghost points at you and mumbles some strange words.
The puff of frost hits you! You resist.
Tungsten's ghost wails, "They lied to you.
The Dungeon just goes down and down forever."
Tungsten's ghost hits you!
Tungsten's ghost says, "An ice sculpture of you would look very nice here."
A giant cockroach comes into view.
Tungsten's ghost gestures at you while chanting.
The puff of frost hits you! You resist.
* * * LOW HITPOINT WARNING * * *
Tungsten's ghost casts a spell at you. The puff of frost hits you! You resist.
You die...

.?.#....# #.........#.######....
# ..#.....##............####...##
§# .....#.#.........#.#>.....#.#.
#≈##...##.#............#.........
#^≈#.............................
...[[....#.#.........#..#.##.....
≈.≈#.......#.....................
# ##.......########.....####.....
#.s......#.W..@.....#..........
#s.........####..##..........#.
###.........####..#####........#.
...............................#.
##..........#....................
##............<..................
.........#.....÷.............##.#
....#...[....................##.#
..<.#######...............#..##.#


You could see Tungsten's ghost.

Vanquished Creatures
  Jessica (D:3)
  An orc wizard (D:3)
  2 adders
  An ooze (D:3)
  3 dart slugs (D:1)
  A giant gecko (D:2)
  An orc (D:3)
  3 giant cockroaches
  4 hobgoblins
  7 jackals
  2 quokkas
  A ball python (D:1)
  4 bats
  3 giant newts
  5 goblins
  8 kobolds
  7 rats
54 creatures vanquished.

Notes
Turn   | Place    | Note
-------+----------+-------------------------------------------
     0 | D:1      | HaroldButt the Deep Elf Fire Elementalist began the quest for the Orb.
     0 | D:1      | Reached XP level 1. HP: 10/10 MP: 6/6
   292 | D:1      | Reached XP level 2. HP: 8/15 MP: 1/8
   296 | D:1      | Learned a level 2 spell: Throw Flame
   349 | D:1      | Upgraded the game from 0.19-a0-742-g4563caa to 0.19-a0-1065-gdac414d
   709 | D:1      | Reached skill level 4 in Fire Magic
   709 | D:1      | Reached XP level 3. HP: 12/19 MP: 9/9
  1444 | D:3      | Learned a level 3 spell: Conjure Flame
  1464 | D:3      | Found a shimmering altar of Xom.
  1464 | D:3      | Found a shimmering altar of Xom.
  1471 | D:3      | Reached XP level 4. HP: 17/24 MP: 1/10
  1485 | D:3      | Noticed Tungsten's ghost (amateur HEIE)
  1692 | D:3      | Noticed Jessica
  1697 | D:3      | Killed Jessica
  1857 | D:3      | Gained mutation: You are clumsy. (Dex -2) [potion of mutation]
  1857 | D:3      | Gained mutation: You are weak. (Str -2) [potion of mutation]
  1857 | D:3      | Gained mutation: You expend magic power (3 MP) to strengthen your wands. [potion of mutation]
  1897 | D:3      | Killed from afar by Tungsten's ghost

Vault maps used:
D:1:      minmay_arrival_split_and_join, hex_large,
          minmay_misc_feat_four_crosses
D:2:      first_bread
D:3:      xom_redecorated, uniq_jessica, uniq_sigmund

Skill      XL: |  1  2  3 |
---------------+----------+-----
Conjurations   | 2 3 |  3.9
Fire Magic     | 4 |  4.8
Dodging        | |  2.4
Stealth        | |  2.4
Spellcasting   | |  3.0

Action                   |  1- 3 |  4- 6 || total
-------------------------+-------+-------++-------
Melee: Short sword       |    35 |       ||    35
       Dagger            |    47 |     9 ||    56
 Cast: Flame Tongue      |    37 |     2 ||    39
       Throw Flame       |     9 |     3 ||    12
  Use: Scroll            |    10 |     1 ||    11
       Potion            |       |     2 ||     2
 Stab: Sleeping          |     4 |       ||     4
  Eat: Bread ration      |     1 |       ||     1
       Chunk             |     1 |       ||     1
Armor: Robe              |     5 |       ||     5
       Leather armour    |    21 |       ||    21
Dodge: Dodged            |    63 |     8 ||    71
